 Dungeon Crawl Stone Soup version 0.20.0-15-g7f486f2 (webtiles) character file.

360 ambioZ the Shield-Bearer (level 6, -12/48 HPs)
             Began as a Human Fighter on June 10, 2017.
             Mangled by an ogre
             ... wielding a +0 giant club
              (28 damage)
             ... on level 4 of the Dungeon.
             The game lasted 01:07:58 (3505 turns).

ambioZ the Shield-Bearer (Human Fighter)            Turns: 3505, Time: 01:07:59

Health: -12/48     AC:  7    Str: 19    XL:     6   Next: 98%
Magic:  6/6        EV:  7    Int:  8    God:
Gold:   259        SH:  9    Dex: 12    Spells: 5/5 levels left

rFire    . . .     SeeInvis .   a - +0 long sword
rCold    . . .     Gourm    .   c - +0 shield
rNeg     . . .     Faith    .   b - +0 scale mail
rPois    .         Spirit   .   (no helmet)
rElec    .         Reflect  .   (no cloak)
rCorr    .         Harm     .   (no gloves)
MR       .....                  (no boots)
Stlth    ..........             (no amulet)
Regen    0.2/turn               (no ring)
MPRegen  0.1/turn               (no ring)

@: no status effects
A: no striking features
a: no special abilities


You were on level 4 of the Dungeon.
You were not hungry.

You visited 1 branch of the dungeon, and saw 4 of its levels.

You collected 259 gold pieces.

Inventory:

Hand Weapons
 a - a +0 long sword (weapon)
 g - a +0 falchion
 i - a +0 club {ii}
 n - a +0 hunting sling
 r - a +0 blowgun
Missiles
 h - 169 stones (quivered)
 k - 15 poisoned needles
 o - 73 arrows
Armour
 b - a +0 scale mail (worn)
 c - a +0 shield (worn)
Wands
 t - a wand of clouds (4/9)
Scrolls
 j - 5 scrolls of identify {i}
 s - a scroll of teleportation {unknown}
 w - a scroll of amnesia {unknown}
 x - a scroll of remove curse {unknown}
Potions
 d - a potion of might
 e - a potion of lignification {unknown}
 m - a potion of invisibility {unknown}
 q - a potion of degeneration {unknown}
 u - a potion of haste
 v - a potion of brilliance {unknown}
 z - a potion of heal wounds {unknown}
 C - 2 potions of curing {unknown}
Comestibles
 f - 2 bread rations
 l - a royal jelly
 B - 5 chunks of flesh


   Skills:
 + Level 3.7 Fighting
 + Level 4.2 Long Blades
 - Level 1.0 Throwing
 + Level 4.2 Armour
 + Level 0.8 Dodging
 + Level 4.3 Shields


You had 5 spell levels left.
You didn't know any spells.

Dungeon Overview and Level Annotations

Branches:
Dungeon (4/15)
 Temple: D:4-7

Altars:

Shops:
D:4 :


Message History

You hit the ogre.
The ogre is moderately wounded.
You block the ogre's attack.
You hit the ogre.
The ogre is heavily wounded.
The ogre barely misses you.
You hit the ogre.
The ogre is heavily wounded.
The ogre barely misses you.
You hit the ogre.
The ogre is almost dead.
The ogre hits you with a giant club!!
You barely miss the ogre.
The ogre is almost dead.
The ogre hits you with a giant club!
You closely miss the ogre.
The ogre is almost dead.
The ogre hits you with a giant club!!
Ouch! That really hurt!
You die...

.## $(..#
#.(..(##### ## #.
#.O@.#####.###
...####..##...#(#
#..........##(#
...
##..####...#(#
... #........##.#
#.#
...####...#)##
#.# #.
#..##.########.#
.
####.#.......#.#
# #########.#.#..


You could see an ogre.

Vanquished Creatures
  An ogre (D:4)
  A scorpion (D:4)
  Natasha (thrice) (D:2)
  A worker ant (D:4)
  4 adders
  2 oozes
  4 worms
  2 dart slugs
  2 leopard geckos
  4 orcs (D:3)
  2 giant cockroaches
  8 goblins
  8 hobgoblins
  4 jackals (D:2)
  3 quokkas
  6 bats
  7 frilled lizards
  5 kobolds
  4 rats
71 creatures vanquished.

Notes
Turn   | Place    | Note
-------+----------+-------------------------------------------
     0 | D:1      | ambioZ the Human Fighter began the quest for the Orb.
     0 | D:1      | Reached XP level 1. HP: 18/18 MP: 1/1
   133 | D:1      | Reached XP level 2. HP: 21/24 MP: 2/2
  1087 | D:2      | Reached XP level 3. HP: 28/29 MP: 3/3
  1455 | D:2      | Noticed Natasha
  1459 | D:2      | Killed Natasha
  1459 | D:2      | Reached XP level 4. HP: 27/35 MP: 4/4
  1795 | D:2      | Noticed Natasha
  1806 | D:2      | Killed Natasha
  1806 | D:2      | Reached XP level 5. HP: 33/41 MP: 5/5
  2773 | D:2      | Noticed Natasha
  2774 | D:2      | Killed Natasha
  2774 | D:2      | Reached skill level 1 in Throwing
  2844 | D:4      | Reached XP level 6. HP: 23/47 MP: 6/6
  3144 | D:4      | Found Wayhuw's Book Shop.
  3456 | D:4      | Noticed an ogre
  3467 | D:4      | Killed an ogre
  3492 | D:4      | Noticed an ogre
  3505 | D:4      | Mangled by an ogre

Skill      XL: |  1  2  3  4  5  6 |
---------------+-------------------+-----
Long Blades    | 3 4 |  4.2
Armour         | 4 |  4.2
Throwing       | 1 |  1.0
Shields        | 4 |  4.3
Fighting       | |  3.7
Dodging        | |  0.8

Action                   |  1- 3 |  4- 6 || total
-------------------------+-------+-------++-------
Melee: Long sword        |    73 |   179 ||   252
       Club              |     4 |       ||     4
Throw: Stone             |    11 |    88 ||    99
  Use: Scroll            |       |     2 ||     2
  Eat: Bread ration      |     1 |     1 ||     2
       Chunk             |       |     2 ||     2
Armor: Scale mail        |    53 |    59 ||   112
Dodge: Dodged            |    23 |    56 ||    79
Block: Shield            |    37 |    91 ||   128
       Rpst.: Long sword |     6 |    18 ||    24
